 Dungeon Crawl Stone Soup version 0.26-a0-810-ge1a9524b62 (webtiles) character file.

Game seed: 14472353193526891845

105 astralcataclysm the Skirmisher (level 4, -4/38 HPs)
             Began as a Draconian Warper on Nov 12, 2020.
             Slain by a bullfrog (9 damage)
             ... in a sewer.
             The game lasted 00:07:37 (2556 turns).

astralcataclysm the Skirmisher (Draconian Warper)   Turns: 2556, Time: 00:07:37

Health: -4/38      AC:  5    Str: 10 (13) XL:     4   Next: 54%
Magic:  3/8        EV: 12    Int: 10 (13) God:
Gold:   184        SH:  5    Dex: 10 (12) Spells: 6/8 levels left

rFire    . . .     SeeInvis .   a - +0 falchion
rCold    . . .     Faith    .   (no shield)
rNeg     . . .     Spirit   .   (armour unavailable)
rPois    .         Reflect  +   (helmet restricted)
rElec    .         Harm     .   (no cloak)
rCorr    .         Rampage  .   (no gloves)
MR       .....                  (no boots)
Stlth    ++........             f - amulet of reflection
HPRegen  0.12/turn              (no ring)
MPRegen  0.11/turn              (no ring)

@: no status effects
A: unfitting armour, cold-blooded, AC +5
a: no special abilities


You were in a sewer.
You visited 1 branch of the dungeon, and saw 3 of its levels.
You also visited: Sewer.

You collected 184 gold pieces.

Inventory:

Hand Weapons
 a - a +0 falchion (weapon)
 j - a +1 dagger of draining
Missiles
 d - a boomerang of dispersal (quivered)
Jewellery
 f - an amulet of reflection (around neck)
Scrolls
 b - a scroll of enchant weapon {unknown}
 c - a scroll of blinking
 e - a scroll of identify {unknown}
 g - 2 scrolls of remove curse {unknown}
 h - a scroll of random uselessness {unknown}
 i - a scroll of noise {unknown}
 l - 3 scrolls of immolation {unknown}


   Skills:
 + Level 3.1 Fighting
 - Level 2.0 Long Blades
 - Level 0.8 Throwing
 + Level 2.8 Dodging
 + Level 2.0 Stealth
 + Level 2.8 Spellcasting
 - Level 3.0 Translocations


You had 6 spell levels left.
You knew the following spells:

 Your Spells              Type           Power        Failure   Level
a - Blink                 Tloc           N/A          13%         2

Your spell library contained the following spells:

 Spells                   Type           Power        Failure   Level
 Gell's Gravitas          Tloc           #.........   26%         3
 Lesser Beckoning         Tloc           #.........   26%         3
 Teleport Other           Tloc           #.......     26%         3
 Passage of Golubria      Tloc           N/A          63%         4


Dungeon Overview and Level Annotations

Branches:
Dungeon (3/15)              Sewer (1/1)

Altars:


Innate Abilities, Weirdness & Mutations

Your plain brown scales are hard. (AC +5)
You cannot fit into any form of body armour.
You are cold-blooded and may be slowed by cold attacks.


Message History

Press: ? - help, Shift-Dir - straight line, f/p - bullfrog
Aim: a bullfrog (lightly wounded)
You throw a boomerang of dispersal.
The boomerang of dispersal hits the bullfrog.
The bullfrog blinks!
Throwing (i - inventory)
d - 2 boomerangs of dispersal (quivered)
Press: ? - help, Shift-Dir - straight line, f/p - bullfrog
Aim: a bullfrog (lightly wounded)
You throw a boomerang of dispersal.
The boomerang of dispersal closely misses the bullfrog.
The bullfrog hits you.
* * * LOW HITPOINT WARNING * * *
It was a potion of degeneration.
There was something very wrong with that liquid.
You feel weakened.
You feel dopey.
You feel clumsy. The bullfrog closely misses you.
You block the bullfrog's attack.
You barely miss the bullfrog.
The bullfrog is lightly wounded.
The bullfrog hits you!
You die...

####### #.....########
####.≈≈≈@≈≈≈..≈.########
≈≈≈≈≈≈≈≈F≈≈÷÷.≈≈...∩.∩.#
###.≈≈≈≈≈≈≈..≈.########
#≈≈≈≈F########
#≈≈≈≈≈################
#≈≈≈≈≈.≈..............
#≈≈≈≈≈≈≈≈≈≈≈≈÷≈≈≈≈≈≈≈≈
#.≈≈≈≈≈≈≈≈≈≈≈≈≈≈≈≈≈≈≈≈
#.≈≈≈≈≈≈≈§≈≈FF§≈≈≈≈≈≈≈


You could see 2 bullfrogs.

Vanquished Creatures
  2 adders (D:2)
  An adder skeleton (D:2)
  A worm (D:2)
  2 dart slugs (D:2)
  4 leopard geckos
  5 ball pythons
  11 giant cockroaches
  7 goblins
  4 hobgoblins
  6 jackals
  A quokka (D:2)
  6 bats (D:1)
  14 frilled lizards
  2 kobolds
  7 rats
73 creatures vanquished.

Vanquished Creatures (others)
  A plant (D:2)
1 creature vanquished.

Grand Total: 74 creatures vanquished

Notes
Turn   | Place    | Note
-------+----------+-------------------------------------------
     0 | D:1      | astralcataclysm the Draconian Warper began the quest for
                  | the Orb.
     0 | D:1      | Reached XP level 1. HP: 17/17 MP: 3/3
   301 | D:1      | You fall into a shaft and drop 1 floor!
   323 | D:2      | Reached XP level 2. HP: 4/25 MP: 5/5
   556 | D:2      | Reached skill level 1 in Stealth
   556 | D:2      | Reached XP level 3. HP: 23/30 MP: 6/6
  1026 | D:2      | Learned a level 2 spell: Blink
  1711 | D:2      | Reached XP level 4. HP: 29/38 MP: 7/7
  2280 | D:3      | Found a glowing drain.
  2292 | Sewer    | Entered a sewer
  2535 | Sewer    | Noticed a bullfrog
  2539 | Sewer    | Noticed a bullfrog
  2556 | Sewer    | Slain by a bullfrog

Illustrated notes

Levels and vault maps discovered:
D:1:      minmay_arrival_shattered_statue, layout_basic, minmay_misc_feat_tower
D:2:      wad_lake_hut, layout_basic, skrybe_limestone_x, minmay_tetromino_s4
D:3:      layout_loops_ring, gup_sewer_entry_pipe
Sewer:    sewer_frog_island_01

Skill      XL: |  1  2  3  4 |
---------------+-------------+-----
Stealth        | 1 2 |  2.0
Fighting       | 3 |  3.1
Long Blades    | |  2.0
Throwing       | |  0.8
Dodging        | |  2.8
Spellcasting   | |  2.8
Translocations | |  3.0

Action                   |  1- 3 |  4- 6 || total
-------------------------+-------+-------++-------
Melee: Falchion          |   147 |    90 ||   237
       Tailslap          |    18 |     8 ||    26
Throw: Boomerang         |       |     4 ||     4
 Cast: Blink             |       |     4 ||     4
  Use: Potion            |     4 |     1 ||     5
 Stab: Sleeping          |     2 |     1 ||     3
Armor: Skin              |    48 |    29 ||    77
Dodge: Dodged            |   104 |    81 ||   185
Block: Other             |    15 |    30 ||    45
       Rpst.: Falchion   |    29 |    29 ||    58

Table legend: (Time is in decaauts)
 A = Elapsed time spent in this place.
 B = Non-inter-level travel time spent in this place.
 C = Inter-level travel time spent in this place.
 D = Time resting spent in this place.
 E = Time spent auto-exploring this place.
 F = Levels seen in this place.
 G = Mean time per level.
                   A        B        C        D        E       F      G
               +--------+--------+--------+--------+--------+-----+--------+
         Total |   2690 |   2555 |    135 |    170 |   1629 |   4 |  672.5 |
       Dungeon |   2376 |   2241 |    135 |    123 |   1585 |   3 |  792.0 |
         Sewer |    314 |    314 |      0 |     47 |     44 |   1 |  314.0 |
               +--------+--------+--------+--------+--------+-----+--------+

Top non-repeatable levels by time:
     D:2: 1599 daAuts
     D:1: 558 daAuts
   Sewer: 314 daAuts
     D:3: 218 daAuts
